 Dungeon Crawl Stone Soup version 0.31-a0-210-gccc998df9b (webtiles) character file.

Game seed: 5980209466535125961

27906 Edyrem the Cleaver (level 13, -2/104 HPs)
             Began as a Demonspawn Monk on June 29, 2023.
             Was the Champion of Makhleb.
             Slain by a boulder beetle (13 damage)
             ... on level 2 of the Lair of Beasts.
             The game lasted 00:37:40 (14871 turns).

Edyrem the Cleaver (Demonspawn Monk)               Turns: 14871, Time: 00:37:41

Health: -2/104     AC: 34    Str: 15    XL:     13   Next: 6%
Magic:  23/23      EV: 33    Int: 13    God:    Makhleb [******]
Gold:   268        SH:  4    Dex: 25    Spells: 12/12 levels left

rFire   + . .        b - +5 long sword (vamp)
rCold   . . .        (no shield)
rNeg    . . .        h - +4 acid dragon scales
rPois   .            (helmet restricted)
rElec   .            r - +2 cloak
rCorr   +            o - +0 pair of gloves
SInv    +            P - +3 pair of boots "Febal" {+Inv}
Will    .....        x - amulet of the acrobat
Stlth   +            F - ring "Heid" {rF+ EV+5 Int+2 SInv Stlth-}
HPRegen 0.37/turn    O - +7 ring of dexterity
MPRegen 0.18/turn

%: acrobat
@: sanguine armoured, acrobatic, studying 2 skills
A: antennae 2, icemail 1, spiny 1, sanguine armour 2, condensation shield
a: Renounce Religion, Evoke Invisibility, Minor Destruction, Lesser Servant of
Makhleb, Major Destruction, Greater Servant of Makhleb


You were on level 2 of the Lair of Beasts.
You worshipped Makhleb.
Makhleb was exalted by your worship.
You visited 2 branches of the dungeon, and saw 14 of its levels.
You also visited: Sewer, Ossuary and Volcano.

You collected 954 gold pieces.
You spent 686 gold pieces at shops.

Inventory:

Hand Weapons
 a - a +2 broad axe of flaming
 b - a +5 vampiric long sword (weapon)
 c - a +0 great sword of protection
Missiles
 i - a curare-tipped dart
 s - 4 throwing nets
 y - 8 boomerangs
Armour
 d - an orb of light
 h - +4 acid dragon scales (worn)
 o - a +0 pair of gloves (worn)
 r - a +2 cloak (worn)
 P - the +3 pair of boots "Febal" (worn) {+Inv}
   (You found it on level 11 of the Dungeon)

   +Inv:      It lets you turn invisible.
Jewellery
 g - a ring of protection from cold
 u - a ring of willpower
 x - an amulet of the acrobat (around neck)
 D - a ring of positive energy
 F - the ring "Heid" (left hand) {rF+ EV+5 Int+2 SInv Stlth-}
   (You took it off a gnoll on level 5 of the Dungeon)

   [ring of evasion]

   EV:        It affects your evasion (+5).
   Int:       It affects your intelligence (+2).
   rF:        It protects you from fire.
   SInv:      It lets you see invisible.
   Stlth:     It makes you less stealthy.
 O - a +7 ring of dexterity (right hand)
Wands
 j - a wand of flame (15)
 z - a wand of digging (7)
 C - a wand of charming (14)
 G - a wand of light (20)
Scrolls
 n - 2 scrolls of poison
 p - 6 scrolls of teleportation
 t - 5 scrolls of blinking
 w - 3 scrolls of fog
 B - a scroll of fear
 H - a scroll of silence
 L - 4 scrolls of immolation
 Q - 5 scrolls of identify {@r1}
Potions
 e - 3 potions of lignification
 f - 2 potions of might
 k - 2 potions of invisibility
 l - a potion of berserk rage
 q - 5 potions of mutation
 v - 5 potions of curing {@q2}
 A - 4 potions of haste
 E - a potion of enlightenment
 I - 3 potions of attraction
 J - 2 potions of resistance
 K - a potion of magic
 M - a potion of heal wounds {@q1}
 N - 3 potions of ambrosia


   Skills:
 + Level 10.3 Fighting
 * Level 5.2 Long Blades
 - Level 14.3 Axes
 + Level 9.0 Armour
 - Level 3.0 Dodging
 * Level 13.9 Invocations


You had 12 spell levels left.
You didn't know any spells.
Your spell library contained the following spells:

 Spells                   Type           Power      Damage    Failure   Level
 Shock                    Conj/Air       0%         1d3       38%         1
 Summon Small Mammal      Summ           0%         N/A       38%         1
 Lesser Beckoning         Tloc           0%         N/A       52%         2
 Call Canine Familiar     Summ           0%         N/A       77%         3
 Dazzling Flash           Conj/Hex       0%         N/A       77%         3
 Gell's Gravitas          Tloc           0%         N/A       77%         3
 Ozocubu's Armour         Ice            0%         N/A       77%         3
 Summon Guardian Golem    Hex/Summ       0%         N/A       77%         3
 Swiftness                Air            0%         N/A       77%         3
 Teleport Other           Tloc           0%         N/A       77%         3
 Vhi's Electric Charge    Tloc/Air       0%         N/A       77%         3
 Airstrike                Air            0%         2d(0-16)  99%         4
 Agony                    Necr           0%         N/A       100%        5
 Arcjolt                  Conj/Air       0%         1d10      100%        5
 Silence                  Hex/Air        0%         N/A       100%        5
 Dispersal                Tloc           0%         N/A       100%        6
 Ozocubu's Refrigeration  Ice            0%         4d7       100%        7
 Maxwell's Capacitive Co  Air            0%         ∞         100%        8


Dungeon Overview and Level Annotations

Branches:
Dungeon (12/15)            Temple (0/1) D:6            Lair (2/5) D:8
  Sewer (visited)         Ossuary (visited)         Volcano (visited)
  Swamp: Lair:2-3    Shoals: Lair:2-3     Snake: Lair:2-3    Spider: Lair:2-3
    Orc: D:9-12

Altars:
Cheibriados
Dithmenos
Fedhas
Gozag
Hepliaklqana
Kikubaaqudgha
Makhleb
Nemelex Xobeh
Okawaru
Qazlal
Ru
Sif Muna
Trog
Uskayaw
Vehumet
Wu Jian
Xom
Yredelemnul

Shops:
D:5 **   D:6 ?   D:10 ?   D:11 =?


Innate Abilities, Weirdness & Mutations

You have a pair of antennae on your head.
A meltable icy envelope protects you from harm. (AC +4)
You are partially covered in sharp spines.
When seriously injured, your blood forms thick armour. (AC +9)
A meltable shield of frost defends you. (SH +4)


Message History

The water moccasin is almost dead.
The water moccasin bites you but does no damage.
The cane toad stings you but does no damage.
The water moccasin bites you but does no damage.
The boulder beetle barely misses you.
The cane toad stings you but does no damage.
You slice the water moccasin!!
You kill the water moccasin!
Makhleb accepts your kill.
You feel better.
The boulder beetle bites you but does no damage.
You block the cane toad's attack. The cane toad attacks as you move away!
The cane toad closely misses you.
The boulder beetle curls into a ball and begins rolling!
Found a potion of enlightenment.
The boulder beetle is struck by your spines.
The boulder beetle hits you!!
* * * LOW HITPOINT WARNING * * *
The boulder beetle stops rolling and uncurls.
The cane toad attacks as you move away! The cane toad is struck by your spines.
The cane toad misses you.
The boulder beetle leaps!
You block the cane toad's attack.
You see here a scroll of identify {@r1}.
Q - 5 scrolls of identify {@r1} (gained 1)
The cane toad stings you!
* * * LOW HITPOINT WARNING * * *
The boulder beetle curls into a ball and begins rolling!
Blink to where?
Press: ? - help, Dir - move target
As you read the scroll of blinking, it crumbles to dust.
The sentinel's mark upon you fades away.
The five-headed hydra attacks as you move away!
The five-headed hydra is struck by your spines.
The five-headed hydra misses you.
The five-headed hydra completely misses you.
You block the five-headed hydra's attack.
The five-headed hydra misses you.
The five-headed hydra bites you but does no damage.
The boulder beetle hits you!
You die...

,,,** ##......#* ###†P..#....
,,,* ##......##########....#....
,,,**##.#.....##########....#....
,,,,..........##########.....)...
,,,,...........########....#.....
,,.,,.........#.########.........
,,....$.......##########.........
,,#..#+#.........#######.......##
,,............FD@....<#####..P#*
,,#....#.......B...#.########**
,,.......††...○.#######.....#####
,,#....P...##°.##.###.........#†#
,,#........#.°.................†.
*,.........#.....................
*,.........#.....................
,,#....#.....##..#..........##.##
*,#..###...P○....######....######


You could see a boulder beetle (rolling), a five-headed hydra and a cane toad.

Vanquished Creatures
  A red draconian (Volcano)
  A rakshasa (D:11)
  Harold (D:9)
  A two-headed ogre (D:9)
  The ghost of experimilk the Devastator, a journeyman DrCj of Vehumet (D:10)
  A centaur warrior (Volcano)
  A boulder beetle (D:11)
  A wolf spider (Lair:2)
  An ugly thing (D:11)
  A manticore (D:11)
  A cyclops (D:7)
  Maurice (D:8)
  A black mamba (Lair:2)
  A gargoyle (D:11)
  2 molten gargoyles (Volcano)
  A cane toad (Lair:2)
  Maggie (D:7)
  A komodo dragon (Lair:2)
  An unseen horror (D:7)
  2 unseen horror zombies (D:8)
  3 yaktaurs (Volcano)
  A rime drake (Lair:1)
  2 trolls
  A polar bear (Lair:1)
  Prince Ribbit (D:8)
  6 blink frogs
  5 slime creatures
  2 centaur simulacra (D:10)
  2 wraiths
  20 yaks
  5 wyverns
  2 fire bats (Volcano)
  Grum (D:8)
  4 basilisks
  A steam dragon (D:7)
  Menkaure (D:5)
  2 acid dragons
  14 water moccasins
  3 black bears
  An ice beast (D:6)
  4 orc warriors
  2 sky beasts (D:6)
  10 centaurs
  19 wolves
  3 ogres
  2 phantoms (D:5)
  A kobold brigand (D:8)
  An elf zombie (Ossuary)
  12 bullfrogs
  2 necrophages (D:8)
  A wyvern zombie (D:8)
  8 scorpions
  11 wights
  6 killer bees (D:8)
  6 electric eels (D:10)
  A howler monkey (D:8)
  5 lava snakes (Volcano)
  A centaur zombie (Ossuary)
  3 hounds
  2 jellies
  A human zombie (D:8)
  12 orc priests
  A gnoll bouda (D:7)
  2 sleepcaps
  5 iguanas
  10 orc wizards
  Ijyb (D:5)
  A killer bee zombie (D:8)
  4 mummies
  18 gnolls
  A howler monkey zombie (D:8)
  11 adders
  A river rat (D:4)
  2 shadow imps
  2 white imps
  2 ufetubi
  An adder zombie (Ossuary)
  3 worms
  3 dart slugs
  44 orcs
  5 endoplasms
  7 giant cockroaches
  8 goblins
  6 hobgoblins
  8 quokkas
  17 ball pythons
  2 bats
  13 frilled lizards
  A goblin zombie (Ossuary)
  12 hobgoblin zombies (Ossuary)
  3 jackal zombies (Ossuary)
  10 kobolds
  8 kobold zombies (Ossuary)
  8 orc zombies (Ossuary)
  8 rats
  2 rat zombies (Ossuary)
442 creatures vanquished.

Vanquished Creatures (others)
  A centaur zombie (D:10)
1 creature vanquished.

Grand Total: 443 creatures vanquished

Notes
Turn   | Place    | Note
-------+----------+-------------------------------------------
     0 | D:1      | Edyrem the Demonspawn Monk began the quest for the Orb.
     0 | D:1      | Reached XP level 1. HP: 18/18 MP: 1/1
   207 | D:1      | Found a faded altar of an unknown god.
   220 | D:1      | Gained mutation: A meltable shield of frost defends you.
                  | (SH +4) [demonic ancestry]
   220 | D:1      | Reached XP level 2. HP: 17/24 MP: 2/2
   246 | D:1      | Prayed at the altar of an unknown god.
   246 | D:1      | Became a worshipper of Makhleb the Destroyer
   246 | D:1      | Reached * piety under Makhleb
   246 | D:1      | Reached ** piety under Makhleb
   366 | D:1      | Reached skill level 3 in Axes
   624 | D:2      | Reached *** piety under Makhleb
   754 | D:2      | Gained mutation: A meltable icy envelope protects you from
                  | harm. (AC +4) [demonic ancestry]
   754 | D:2      | Reached XP level 3. HP: 22/23 MP: 3/3
   982 | D:2      | Reached skill level 1 in Armour
  1416 | D:3      | Found an iron altar of Okawaru.
  1479 | D:3      | Found an ornate altar of the Wu Jian Council.
  1557 | D:3      | Found a blossoming altar of Fedhas.
  1605 | D:3      | Found a shadowy altar of Dithmenos.
  2228 | D:3      | Reached skill level 1 in Invocations
  2228 | D:3      | Gained mutation: When seriously injured, your blood forms
                  | armour. (AC +9) [demonic ancestry]
  2228 | D:3      | Reached XP level 4. HP: 26/34 MP: 4/4
  2323 | D:4      | Found a hide-covered altar of Uskayaw.
  2323 | D:4      | Noticed a +0 falchion
  2323 | D:4      | Noticed a +0 spear
  2324 | D:4      | Noticed a +0 short sword
  2324 | D:4      | Noticed a +0 falchion
  2325 | D:4      | Noticed a +0 dagger
  2325 | D:4      | Noticed a +0 short sword
  2326 | D:4      | Noticed a +0 spear
  2326 | D:4      | Noticed a +0 dagger
  2332 | D:4      | Found a shimmering altar of Xom.
  2332 | D:4      | Noticed a black bear
  2342 | D:4      | Killed a black bear
  2343 | D:4      | Reached skill level 4 in Axes
  2343 | D:4      | Reached XP level 5. HP: 37/42 MP: 4/6
  2394 | D:4      | Reached XP level 6. HP: 48/48 MP: 7/7
  2486 | D:4      | Found a glowing drain.
  2490 | Sewer    | Entered a sewer
  2509 | Sewer    | Reached **** piety under Makhleb
  2995 | D:4      | Reached skill level 5 in Axes
  2995 | D:4      | Gained mutation: You are partially covered in sharp spines.
                  | [demonic ancestry]
  2995 | D:4      | Reached XP level 7. HP: 21/55 MP: 9/9
  3268 | D:4      | Found a basalt altar of Yredelemnul.
  3268 | D:4      | Found a sacrificial altar of Ru.
  3275 | D:4      | Found a hazy altar of Hepliaklqana.
  3276 | D:4      | Found a snail-covered altar of Cheibriados.
  3280 | D:4      | Found a bloodstained altar of Trog.
  3467 | D:5      | Entered Level 5 of the Dungeon
  3505 | D:5      | Noticed Menkaure
  3517 | D:5      | Killed Menkaure
  3677 | D:5      | Found Vohaercho's General Store.
  3680 | D:5      | Found Gomohel's Specific Store.
  3730 | D:5      | Noticed Ijyb
  3740 | D:5      | Killed Ijyb
  3741 | D:5      | Reached skill level 5 in Fighting
  3780 | D:5      | Reached skill level 6 in Axes
  3780 | D:5      | Gained mutation: When seriously injured, your blood forms
                  | thick armour. (AC +9) [demonic ancestry]
  3780 | D:5      | Reached XP level 8. HP: 49/62 MP: 11/11
  3816 | D:5      | HP: 1/62 [ogre/+0 giant club (17)]
  3818 | D:5      | Reached skill level 5 in Invocations
  4107 | D:5      | Identified the ring "Heid" {rF+ EV+5 Int+2 SInv Stlth-}
  4208 | D:5      | Found a shimmering blue altar of Sif Muna.
  4254 | D:5      | Reached ***** piety under Makhleb
  4399 | D:5      | Found a bloodstained altar of Trog.
  4659 | D:6      | Reached skill level 7 in Axes
  4764 | D:6      | Found a staircase to the Ecumenical Temple.
  4866 | D:6      | Gained mutation: You have a pair of small antennae on your
                  | head. [demonic ancestry]
  4866 | D:6      | Reached XP level 9. HP: 40/69 MP: 13/13
  5130 | D:6      | Found Duzxoila's Magic Scroll Shoppe.
  6111 | D:7      | Found a sand-covered staircase.
  6116 | Ossuary  | Entered an ossuary
  6200 | Ossuary  | Reached skill level 5 in Armour
  6350 | Ossuary  | Reached skill level 8 in Axes
  6561 | D:7      | Noticed a cyclops
  6571 | D:7      | Noticed an unseen horror
  6620 | D:7      | Killed a cyclops
  6628 | D:7      | Killed an unseen horror
  6786 | D:7      | Reached skill level 9 in Axes
  6786 | D:7      | Reached XP level 10. HP: 48/79 MP: 16/16
  7301 | D:7      | Noticed Maggie
  7322 | D:7      | Killed Maggie
  7480 | D:7      | Found a sparkling altar of Nemelex Xobeh.
  7490 | D:8      | Found a staircase to the Lair.
  7561 | D:6      | Bought a scroll of identify for 26 gold pieces
  7664 | D:8      | Noticed Prince Ribbit
  7681 | D:8      | Killed Prince Ribbit
  7776 | D:8      | Found a radiant altar of Vehumet.
  7799 | D:8      | Found an opulent altar of Gozag.
  7874 | D:8      | Reached ****** piety under Makhleb
  7917 | D:8      | Reached skill level 10 in Axes
  7951 | D:8      | Noticed Maurice
  7964 | D:8      | Killed Maurice
  7991 | D:8      | Noticed Grum
  8030 | D:8      | Reached skill level 11 in Axes
  8051 | D:8      | Killed Grum
  8396 | D:8      | Reached XP level 11. HP: 86/86 MP: 18/18
  8397 | D:8      | Found an ancient bone altar of Kikubaaqudgha.
  8668 | D:8      | Reached skill level 12 in Axes
  8684 | D:8      | Reached skill level 10 in Invocations
  8780 | D:8      | Found a burning altar of Makhleb.
  9129 | D:9      | Noticed a two-headed ogre
  9144 | D:9      | Killed a two-headed ogre
  9260 | D:9      | Noticed Harold
  9274 | D:9      | Killed Harold
  9537 | D:9      | Reached skill level 13 in Axes
  9803 | D:10     | Entered Level 10 of the Dungeon
  9814 | D:10     | Found a runed translucent gate.
  9814 | D:10     | Found a runed translucent gate.
  9814 | D:10     | Found a runed translucent gate.
  9815 | D:10     | Noticed experimilk's ghost (journeyman DrCj)
 10608 | D:10     | Found The Oracle's Delphic Readings.
 10612 | D:10     | Bought a scroll of identify for 30 gold pieces
 10654 | D:10     | Found a stormy altar of Qazlal.
 11119 | D:10     | Killed experimilk's ghost
 11435 | D:11     | Noticed a cyan ugly thing
 11436 | D:11     | Noticed a rakshasa
 11456 | D:11     | Killed a purple ugly thing
 11464 | D:11     | Killed a rakshasa
 11465 | D:11     | Reached skill level 14 in Axes
 11607 | D:11     | Identified the +3 pair of boots "Febal" {+Inv}
 11630 | D:11     | Noticed a boulder beetle
 11675 | D:11     | Killed a boulder beetle
 11676 | D:11     | Gained mutation: You have a pair of antennae on your head.
                  | [demonic ancestry]
 11676 | D:11     | Reached XP level 12. HP: 51/96 MP: 20/20
 11895 | D:11     | Found Innuubeon's Magic Scroll Shoppe.
 12136 | D:11     | Found Ytori's One-of-a-Kind Rings.
 12150 | D:11     | Bought a +7 ring of dexterity for 630 gold pieces
 12564 | D:12     | Reached skill level 1 in Long Blades
 12655 | Lair:1   | Entered Level 1 of the Lair of Beasts
 13787 | Lair:2   | Found a dark tunnel.
 13794 | Volcano  | Entered a volcano
 13984 | Volcano  | Reached skill level 10 in Fighting
 14089 | Volcano  | Found a bloodstained altar of Trog.
 14089 | Volcano  | Noticed a centaur warrior
 14093 | Volcano  | Killed a centaur warrior
 14182 | Volcano  | Noticed a red draconian
 14204 | Volcano  | Killed a red draconian
 14710 | Lair:2   | Reached skill level 5 in Long Blades
 14713 | Lair:2   | Reached XP level 13. HP: 55/103 MP: 23/23
 14871 | Lair:2   | Slain by a boulder beetle

Illustrated notes

Levels and vault maps discovered:
D:1:      nzn_arrival_crosshair, layout_rooms,
          hellmonk_ecumenical_altar_zigzags, minmay_hexomino_f4
D:2:      layout_loops_ring, minmay_box_of_dots
D:3:      minmay_recursive_quarters, layout_basic, mainiacjoe_overflow_alcove_1,
          mainiacjoe_overflow_chevrons, nicolae_dithmenos_shadow_blocks,
          mainiacjoe_overflow_boulevard
D:4:      dreamdust_elfheim, layout_rooms, xom_teletrap_fun,
          nicolae_overflow_hallway_of_the_gods, nicolae_uskayaw_en_pointe,
          gup_sewer_entry_spiral, minmay_manual_mail
D:5:      layout_loops_ring, kennysheep_mini, nicolae_specific_store,
          minmay_splitting_lines, kennysheep_small_circle, uniq_ijyb,
          uniq_menkaure
D:6:      minmay_evil_eye, layout_basic, minmay_temple_entry_grid, serial_shops,
          nicolae_take_the_stairs, minivault_5
D:7:      layout_basic, nemelex_diamond_rough_becter,
          nicolae_ossuary_entry_false_entrances, interstate_on_off,
          minmay_manual_mess, uniq_maggie
D:8:      layout_layer_cave, makhleb_blood_cavern_becter,
          lemuel_mausoleum_altar_kikubaaqudgha,
          mainiacjoe_overflow_large_starburst, minmay_lair_entry_grove,
          serial_glass, glass_columns_b, glass_columns_a, unseen_surprise_small,
          due_unseen_surprise, unseen_surprise_small, grunt_ministairs_14,
          serial_park_tiny_pond, uniq_maurice, uniq_grum, uniq_prince_ribbit1
D:9:      layout_basic, minmay_misc_feat_rows, dreamdust_deal_with_the_devil,
          uniq_harold
D:10:     layout_basic, nicolae_qazlal_eye_of_the_storm,
          gammafunk_ghost_necromancy, grunt_decor_fettered, nrook_loot_triangle,
          nicolae_nh_oracle_at_delphi
D:11:     layout_gridville, serial_shops, nicolae_shop_real_fake_doors,
          nicolae_shop_unique_rings
D:12:     layout_roguey, david_orc_3, lemuel_flamethrower_1
Lair:1:   layout_chaotic_city, grunt_megastairs_5
Lair:2:   layout_chaotic_city, nicolae_volcano_entry_hallway,
          nicolae_lair_run_with_the_wolves

Skill      XL: |  1  2  3  4  5  6  7  8  9 10 11 12 |
---------------+-------------------------------------+-----
Axes           | 3 4 5 6 7 9 11 14 | 14.3
Dodging        | 3 |  3.0
Armour         | 1 2 3 4 5 6 8 9 |  9.0
Invocations    | 1 2 3 4 6 8 9 11 13 | 13.9
Fighting       | 4 5 6 7 8 9 10 | 10.3
Long Blades    | 5 |  5.2

Action                     |  1- 3 |  4- 6 |  7- 9 | 10-12 | 13-15 || total
---------------------------+-------+-------+-------+-------+-------++-------
  Melee: Hand axe          |   114 |       |       |       |       ||   114
         War axe           |    34 |    97 |   105 |   473 |       ||   709
         Dagger            |       |       |   356 |     6 |       ||   362
         Great sword       |       |       |       |   214 |       ||   214
         Long sword        |       |       |       |     9 |    21 ||    30
         Broad axe         |       |       |       |     4 |     3 ||     7
         Punch             |       |       |       |     1 |       ||     1
 Invoke: Minor Destruction |       |       |     2 |     4 |       ||     6
         Major Destruction |       |       |       |     1 |       ||     1
    Use: Scroll            |       |     2 |    13 |    21 |     1 ||    37
         Potion            |       |       |     1 |     6 |     1 ||     8
 Armour: Ring mail         |    40 |       |       |       |       ||    40
         Scale mail        |     9 |    14 |       |       |       ||    23
         Chain mail        |       |    40 |   256 |     4 |       ||   300
         Acid dragon scale |       |       |       |   315 |    21 ||   336
  Dodge: Dodged            |    66 |    36 |   189 |   707 |    38 ||  1036
  Block: Orb               |     8 |    20 |    71 |    61 |       ||   160
         Other             |       |       |       |    70 |    11 ||    81

Table legend: (Time is in decaauts)
 A = Elapsed time spent in this place.
 B = Non-inter-level travel time spent in this place.
 C = Inter-level travel time spent in this place.
 D = Time resting spent in this place.
 E = Time spent auto-exploring this place.
 F = Levels seen in this place.
 G = Mean time per level.
                   A        B        C        D        E       F      G
               +--------+--------+--------+--------+--------+-----+--------+
         Total |  15155 |  14469 |    686 |    392 |  10773 |  17 |  891.5 |
       Dungeon |  11942 |  11276 |    666 |    233 |   8781 |  12 |  995.2 |
          Lair |   1585 |   1566 |     19 |      0 |   1155 |   2 |  792.5 |
         Sewer |    545 |    545 |      0 |      0 |    327 |   1 |  545.0 |
       Ossuary |    347 |    347 |      0 |     34 |    128 |   1 |  347.0 |
       Volcano |    733 |    733 |      0 |    125 |    382 |   1 |  733.0 |
               +--------+--------+--------+--------+--------+-----+--------+

Top non-repeatable levels by time:
    D:10: 1541 daAuts
     D:8: 1471 daAuts
     D:6: 1352 daAuts
     D:7: 1240 daAuts
    D:11: 1201 daAuts
     D:5: 1185 daAuts
  Lair:1: 1118 daAuts
     D:3: 1105 daAuts
     D:9: 795 daAuts
     D:4: 781 daAuts
 Volcano: 733 daAuts
     D:2: 665 daAuts
     D:1: 556 daAuts
   Sewer: 545 daAuts
  Lair:2: 466 daAuts
